 Dungeon Crawl Stone Soup version 0.32-a0-128-g77eb882913 (webtiles) character file.

Game seed: 2304436464793160024

7804 Newt the Fighter (level 11, -4/96 HPs)
             Began as a Barachi Fighter on Feb 7, 2024.
             Was an Elder of Okawaru.
             Slain by a sun demon (20 damage)
             ... on level 11 of the Dungeon.
             The game lasted 00:13:57 (9917 turns).

Newt the Fighter (Barachi Fighter)                  Turns: 9917, Time: 00:13:57

Health: -4/96      AC: 18    Str: 21    XL:     11   Next: 21%
Magic:  11/11      EV:  9    Int: 10    God:    Okawaru [****..]
Gold:   575        SH:  5    Dex: 11    Spells: 10/10 levels left

rFire   . . .        y - +3 falchion (venom)
rCold   + . .        c - +0 buckler
rNeg    . . .        d - +3 scale mail {rC+}
rPois   .            w - +0 helmet
rElec   .            L - +2 cloak {rCorr}
rCorr   +            n - +0 pair of gloves
SInv    +            (no boots)
Will    .....        i - amulet of regeneration Stlth
                     M - ring of see invisible
HPRegen 1.16/turn    (no ring)
MPRegen 0.12/turn

%: no passive effects
@: hasted, quick
A: amphibious, slowness 1, strong legs 1, +LOS
a: Hop, Renounce Religion, Heroism, Finesse


You were on level 11 of the Dungeon.
You worshipped Okawaru.
Okawaru was greatly pleased with you.
You visited 2 branches of the dungeon, and saw 12 of its levels.
You also visited: Sewer.

You collected 659 gold pieces.
You spent 84 gold pieces at shops.

Inventory:

Hand Weapons
 a - a +2 long sword
 y - a +3 falchion of venom (weapon)
Missiles
 h - 8 boomerangs
 q - 9 poisoned darts (quivered)
 I - a curare-tipped dart
Armour
 b - a +0 scale mail
 c - a +0 buckler (worn)
 d - a +3 scale mail of cold resistance (worn)
 n - a +0 pair of gloves (worn)
 w - a +0 helmet (worn)
 x - a +0 cloak
 L - a +2 cloak of preservation (worn)
Jewellery
 i - an amulet of regeneration (around neck)
 H - an amulet of the acrobat
 K - an amulet of faith
 M - a ring of see invisible (left hand)
Wands
 m - a wand of charming (20)
 B - a wand of flame (19)
Scrolls
 k - 2 scrolls of immolation
 l - a scroll of fear
 o - a scroll of torment
 r - a scroll of fog
 z - a scroll of silence
 A - a scroll of teleportation
 E - 2 scrolls of blinking
 F - a scroll of enchant armour
 G - 4 scrolls of vulnerability
 J - a scroll of revelation
 O - a scroll of amnesia
Potions
 e - 2 potions of haste
 f - 3 potions of curing
 g - a potion of lignification
 j - 2 potions of berserk rage
 p - 2 potions of attraction
 s - a potion of magic
 t - 2 potions of resistance {unknown}
 v - 2 potions of enlightenment
 C - a potion of degeneration
 D - a potion of mutation {unknown}
 N - a potion of brilliance {unknown}


   Skills:
 + Level 12.3 Fighting
 - Level 8.1 Long Blades
 * Level 5.2 Throwing
 - Level 10.6 Armour
 - Level 6.4 Shields
 - Level 5.5 Evocations


You had 10 spell levels left.
You didn't know any spells.
Your spell library contained the following spells:

 Spells                   Type           Power      Damage    Failure   Level
 Magic Dart               Conj           0%         1d3       71%         1
 Jinxbite                 Hex            0%         N/A       83%         2
 Searing Ray              Conj           0%         2d4       83%         2
 Hailstorm                Conj/Ice       0%         3d5       97%         3
 Stone Arrow              Conj/Erth      0%         3d7       97%         3
 Fulminant Prism          Conj/Alch      0%         3d5       100%        4
 Yara's Violent Unravell  Hex/Alch       0%         3d3       100%        5
 Enfeeble                 Hex            0%         N/A       100%        7
 Lehudib's Crystal Spear  Conj/Erth      0%         10d2      100%        8
 Summon Ice Beast         Ice/Summ       Unusable   N/A       N/A         3
 Animate Armour           Summ/Erth      Unusable   N/A       N/A         4
 Summon Mana Viper        Hex/Summ       Unusable   N/A       N/A         5
 Sculpt Simulacrum        Ice/Alch       Unusable   N/A       N/A         6
 Monstrous Menagerie      Summ           Unusable   N/A       N/A         7

Dungeon Overview and Level Annotations

Branches:
Dungeon (11/15)            Temple (1/1) D:7           Sewer (visited)
   Lair: D:8-11         Orc: D:9-12

Altars:
Ashenzari
Cheibriados
Dithmenos
Elyvilon
Fedhas
Gozag
Hepliaklqana
Kikubaaqudgha
Makhleb
Nemelex Xobeh
Okawaru
Qazlal
Ru
Sif Muna
Trog
Uskayaw
Vehumet
Wu Jian
Xom
Yredelemnul
Zin
The Shining One

Shops:
D:3 :   D:8 (   D:10 (*

Annotations:
Temple 2 transporters


Innate Abilities, Weirdness & Mutations

You are amphibious.
You cover ground slowly.
You can hop short distances.
You have an extended range of vision and can be seen from far away.


Message History

You slash the vampire!
The vampire is severely damaged.
You slash the vampire!
You destroy the vampire!
Okawaru accepts your kill.
You closely miss the sun demon. The sun demon hits you!
You are engulfed in flames!
You hit the sun demon but do no damage.
Your enlightenment fades.
You hit the sun demon.
The sun demon is poisoned.
The sun demon is lightly wounded.
The sun demon hits you but does no damage.
You slash the sun demon!
The sun demon is moderately wounded.
The sun demon hits you but does no damage.
You barely miss the sun demon.
The sun demon is moderately wounded.
The sun demon hits you but does no damage.
You slash the sun demon!
The sun demon is heavily wounded.
The sun demon barely misses you.
You hit the sun demon but do no damage.
The sun demon is heavily wounded.
You hit the sun demon but do no damage.
The sun demon is heavily wounded.
The sun demon hits you but does no damage.
You hit the sun demon.
The sun demon is severely wounded.
The sun demon hits you but does no damage.
You hit the sun demon.
The sun demon looks as sick as possible!
The sun demon is severely wounded.
You slash the sun demon!
The sun demon is almost dead.
The sun demon hits you!!
You are engulfed in flames!!
* * * LOW HITPOINT WARNING * * *
You completely miss the sun demon.
The sun demon is almost dead.
The sun demon hits you!!
You die...

# #. #.### .... ...
.. #.
P######.############
........3@..........
.#########..###### #
#..# .#
#######..########..#
...................#
#######............#
#.....<......#
#............#
#............#


You could see a sun demon (extremely poisoned).

Vanquished Creatures
  2 two-headed ogres
  Pikel (D:9)
  Joseph (D:7)
  A gargoyle (D:10)
  An unseen horror (D:10)
  A kobold demonologist (D:10)
  A troll (D:9)
  A vampire (D:11)
  A wraith (D:10)
  4 yaks (D:8)
  A shadow (D:10)
  A steam dragon (D:8)
  An acid dragon (D:10)
  3 water moccasins
  An ice beast (D:6)
  2 sky beasts
  5 orc warriors
  2 ogres
  A centaur (D:8)
  A phantom (D:3)
  3 kobold brigands
  6 bullfrogs
  4 scorpions
  A wight (D:8)
  4 howler monkeys
  A crimson imp (D:5)
  3 jellies
  2 bombardier beetles
  7 orc priests
  Crazy Yiuf (D:7)
  3 sleepcaps
  Ijyb (D:3)
  Terence (D:2)
  8 orc wizards
  8 iguanas
  A hell rat (Sewer)
  5 adders
  4 river rats (Sewer)
  2 white imps (D:7)
  4 ufetubi (D:5)
  3 dart slugs
  8 ribbon worms
  40 orcs
  6 ball pythons
  7 bats
  7 endoplasms
  4 giant cockroaches
  6 goblins
  11 hobgoblins
  6 quokkas
  6 frilled lizards
  28 kobolds
  10 rats
243 creatures vanquished.

Vanquished Creatures (others)
  An orc wizard (D:9)
1 creature vanquished.

Grand Total: 244 creatures vanquished

Notes
Turn   | Place    | Note
-------+----------+-------------------------------------------
     0 | D:1      | Newt the Barachi Fighter began the quest for the Orb.
     0 | D:1      | Reached XP level 1. HP: 18/18 MP: 1/1
   119 | D:1      | Reached XP level 2. HP: 21/25 MP: 2/2
   207 | D:1      | Reached skill level 4 in Fighting
   432 | D:1      | Reached XP level 3. HP: 27/30 MP: 3/3
   946 | D:2      | Found a faded altar of an unknown god.
  1083 | D:2      | Noticed Terence
  1099 | D:2      | Killed Terence
  1100 | D:2      | Reached XP level 4. HP: 7/38 MP: 4/4
  1813 | D:3      | Noticed a phantom
  1825 | D:3      | Killed a phantom
  1826 | D:3      | Reached skill level 5 in Fighting
  1826 | D:3      | Reached skill level 5 in Long Blades
  1826 | D:3      | Reached XP level 5. HP: 44/44 MP: 5/5
  1880 | D:3      | Noticed Ijyb
  1895 | D:3      | Killed Ijyb
  1896 | D:3      | Reached XP level 6. HP: 50/51 MP: 6/6
  1966 | D:3      | Found Elifac's Book Boutique.
  2043 | D:3      | Found a glowing drain.
  2061 | Sewer    | Entered a sewer
  2880 | D:4      | Reached skill level 6 in Fighting
  2979 | D:4      | Reached XP level 7. HP: 58/58 MP: 7/7
  3739 | D:5      | Entered Level 5 of the Dungeon
  3939 | D:5      | Reached skill level 7 in Fighting
  3939 | D:5      | Reached skill level 5 in Armour
  3940 | D:5      | Reached XP level 8. HP: 44/67 MP: 8/8
  4526 | D:5      | Found a burning altar of Makhleb.
  4526 | D:5      | Found a radiant altar of Vehumet.
  4782 | D:6      | Reached skill level 8 in Fighting
  5117 | D:6      | Reached XP level 9. HP: 75/75 MP: 9/9
  5394 | D:7      | You fall into a shaft and drop 1 floor!
  5425 | D:8      | Reached skill level 9 in Fighting
  5440 | D:8      | HP: 2/74 [wight/+5 hand axe (9)]
  5466 | D:8      | Reached skill level 10 in Armour
  5657 | D:8      | Found an ancient bone altar of Kikubaaqudgha.
  5888 | D:8      | Found Topsymesk's Weapon Shoppe.
  6015 | D:7      | Reached skill level 1 in Evocations
  6020 | D:7      | Found a staircase to the Ecumenical Temple.
  6051 | Temple   | Found a transporter.
  6051 | Temple   | Found a transporter.
  6051 | Temple   | Found a transporter.
  6051 | Temple   | Found a transporter.
  6051 | Temple   | Entered the Ecumenical Temple
  6066 | Temple   | Became a worshipper of Warmaster Okawaru
  6301 | D:7      | Reached skill level 10 in Fighting
  6364 | D:7      | Found a runed translucent door.
  6365 | D:7      | Noticed Crazy Yiuf
  6418 | D:7      | Noticed Joseph
  6449 | D:7      | Killed Joseph
  6449 | D:7      | Reached * piety under Okawaru
  6450 | D:7      | Reached XP level 10. HP: 63/85 MP: 10/10
  6858 | D:7      | Killed Crazy Yiuf
  7272 | D:9      | Noticed Pikel
  7292 | D:9      | Killed Pikel
  7293 | D:9      | Reached skill level 5 in Evocations
  7580 | D:9      | Noticed a two-headed ogre
  7594 | D:9      | Killed a two-headed ogre
  7594 | D:9      | Reached ** piety under Okawaru
  7595 | D:9      | Reached skill level 11 in Fighting
  7753 | D:9      | Reached skill level 5 in Shields
  8615 | D:10     | Entered Level 10 of the Dungeon
  8676 | D:10     | Reached skill level 1 in Throwing
  8762 | D:10     | Noticed a two-headed ogre
  8963 | D:10     | Killed a two-headed ogre
  8963 | D:10     | Reached *** piety under Okawaru
  9219 | D:10     | Reached XP level 11. HP: 90/95 MP: 11/11
  9273 | D:10     | Reached skill level 12 in Fighting
  9300 | D:10     | Noticed a sun demon
  9307 | D:10     | Noticed a soul eater
  9344 | D:10     | Found a hazy altar of Hepliaklqana.
  9388 | D:10     | Found a glowing silver altar of Zin.
  9515 | D:10     | Found Potwihuv's Antique Weapon Emporium.
  9556 | D:10     | Reached **** piety under Okawaru
  9744 | D:10     | Found Gukig's General Store.
  9757 | D:10     | Reached skill level 5 in Throwing
  9764 | D:10     | Bought 6 poisoned darts for 54 gold pieces
  9764 | D:10     | Bought a scroll of identify for 30 gold pieces
  9880 | D:11     | Noticed a sun demon
  9917 | D:11     | Slain by a sun demon

Illustrated notes

Levels and vault maps discovered:
D:1:      grunt_arrival_crossed_arrows, layout_loops_ring, solitary_fountain
D:2:      layout_loops_ring, ebering_ecumenical_altar_abandoned, uniq_terence
D:3:      layout_loops_ring, serial_shops, nicolae_diamond_shop,
          cheibrodos_sewer_entry_sluice, uniq_ijyb
D:4:      minmay_recursive_quarters, layout_basic
D:5:      layout_loops_cross, grunt_temple_overflow_lords_of_destruction,
          minmay_misc_feat_x
D:6:      layout_cave_pools
D:7:      layout_loops_ring, minmay_temple_entry_glassed_door,
          uniq_crazy_yiuf_cottage, uniq_joseph
D:8:      layout_loops_ring, lemuel_tele_altar, serial_shops, shop,
          minmay_starry_boxes
D:9:      layout_grid_maze, uniq_pikel
D:10:     layout_loops_cross, kennysheep_little_box, zin_scriptorium,
          serial_shops, nicolae_square_shop, nicolae_shop_scrapyard,
          serial_glass, glass_columns_c, glass_columns_a
D:11:     layout_long_grid, dpeg_lair_monsters, gammafunk_ghost_ooze,
          serial_demonic, serial_demonic_a, serial_demonic_b, serial_demonic_c,
          serial_demonic_e, minmay_misc_feat_doors
Temple:   hellmonk_temple_divided_pantheon

Skill      XL: |  1  2  3  4  5  6  7  8  9 10 11 |
---------------+----------------------------------+-----
Long Blades    | 3 4 5 6 7 8 |  8.1
Fighting       | 4 5 6 7 8 10 11 12 | 12.3
Armour         | 5 8 10 | 10.6
Evocations     | 4 5 |  5.5
Shields        | 6 |  6.4
Throwing       | 3 5 |  5.2

Action                     |  1- 3 |  4- 6 |  7- 9 | 10-12 || total
---------------------------+-------+-------+-------+-------++-------
  Melee: Long sword        |   146 |   214 |    51 |       ||   411
         Falchion          |       |       |   380 |   298 ||   678
  Throw: Dart              |       |       |       |     4 ||     4
Ability: Hop               |     1 |       |       |       ||     1
    Use: Potion            |     1 |     2 |     4 |     3 ||    10
         Scroll            |       |     6 |     8 |     8 ||    22
 Armour: Scale mail        |    99 |   146 |   340 |   268 ||   853
         Skin              |       |       |    22 |       ||    22
  Dodge: Dodged            |    78 |    70 |   163 |   132 ||   443
  Block: Buckler           |    47 |    30 |    66 |    67 ||   210

Table legend: (Time is in decaauts)
 A = Elapsed time spent in this place.
 B = Non-inter-level travel time spent in this place.
 C = Inter-level travel time spent in this place.
 D = Time resting spent in this place.
 E = Time spent auto-exploring this place.
 F = Levels seen in this place.
 G = Mean time per level.
                   A        B        C        D        E       F      G
               +--------+--------+--------+--------+--------+-----+--------+
         Total |  11204 |  10580 |    624 |   1963 |   6272 |  13 |  861.8 |
       Dungeon |  11084 |  10481 |    603 |   1961 |   6244 |  11 | 1007.6 |
        Temple |     36 |     16 |     20 |      0 |      0 |   1 |   36.0 |
         Sewer |     84 |     84 |      0 |      2 |     28 |   1 |   84.0 |
               +--------+--------+--------+--------+--------+-----+--------+

Top non-repeatable levels by time:
     D:8: 1412 daAuts
     D:7: 1247 daAuts
    D:10: 1224 daAuts
     D:3: 1189 daAuts
     D:2: 1120 daAuts
     D:9: 1118 daAuts
     D:5: 1045 daAuts
     D:4: 1015 daAuts
     D:1: 911 daAuts
     D:6: 595 daAuts
    D:11: 202 daAuts
   Sewer: 84 daAuts
  Temple: 36 daAuts
